 Dungeon Crawl Stone Soup version 0.24.0-13-gcf9b319 (webtiles) character file.

Game seed: 13454219971636915103, levelgen mode: deterministic

19387 MetaCrawl the Cleaver (level 13, 0/101 HPs)
             Began as a Formicid Fighter on Mar 26, 2020.
             Was a High Priest of Makhleb.
             Slain by a catoblepas (10 damage)
             ... on level 5 of the Lair of Beasts.
             The game lasted 00:23:29 (13446 turns).

MetaCrawl the Cleaver (Formicid Fighter)           Turns: 13446, Time: 00:23:30

Health: 0/101      AC: 11    Str: 25    XL:     13   Next: 4%
Magic:  17/17      EV: 14    Int: 13    God:    Makhleb [*****.]
Gold:   850        SH:  0    Dex: 13    Spells: 12/12 levels left

rFire    . . .     SeeInvis +   m - +9 hand axe
rCold    . . .     Gourm    .   c - +1 shield
rNeg     . . .     Faith    +   F - +0 scale mail of Feasting {Regen+} (curse)
rPois    .         Spirit   .   (helmet unavailable)
rElec    .         Reflect  .   (no cloak)
rCorr    .         Harm     .   (no gloves)
MR       +....                  p - +2 pair of boots
Stlth    ..........             n - amulet of faith {Faith, !P!P}
HPRegen  0.66/turn              l - +3 ring of dexterity
MPRegen  0.15/turn              r - +4 ring of intelligence

@: confused
A: permanent stasis, dig shafts and tunnels, four strong arms, antennae 3
a: Dig, Shaft Self, Minor Destruction, Lesser Servant of Makhleb, Major
Destruction, Greater Servant of Makhleb, Renounce Religion


You were on level 5 of the Lair of Beasts.
You worshipped Makhleb.
Makhleb was extremely pleased with you.
You were hungry.

You visited 3 branches of the dungeon, and saw 16 of its levels.

You collected 850 gold pieces.


Innate Abilities, Weirdness & Mutations

You cannot be hasted, slowed, berserked, paralysed or teleported.
You can dig through walls and to a lower floor.
Your four strong arms can wield two-handed weapons with a shield.
You have a pair of large antennae on your head. (SInv)


   Skills:
 + Level 9.4 Fighting
 * Level 11.5 Axes
 + Level 9.4 Armour
 + Level 7.4 Dodging
 + Level 10.3 Shields
 + Level 5.8 Invocations
 + Level 3.7 Evocations


You had 12 spell levels left.
You didn't know any spells.
Your spell library contained the following spells:

 Spells                   Type           Power        Failure   Level  Hunger
 Apportation              Tloc           #.....       54%         1    ##.....
 Beastly Appendage        Tmut           #.....       54%         1    ##.....
 Flame Tongue             Conj/Fire      #....        54%         1    ##.....
 Magic Dart               Conj           #...         54%         1    ##.....
 Sandblast                Erth           #.....       54%         1    ##.....
 Summon Butterflies       Summ           #.......     54%         1    ##.....
 Call Imp                 Summ           #.......     67%         2    ###....
 Passwall                 Tmut/Erth      #.......     67%         2    ###....
 Slow                     Hex            #.......     67%         2    ###....
 Sticks to Snakes         Tmut           #.......     67%         2    ###....
 Throw Flame              Conj/Fire      #.....       67%         2    ###....
 Conjure Flame            Conj/Fire      #.......     88%         3    ####...
 Inner Flame              Hex/Fire       #.......     88%         3    ####...
 Lesser Beckoning         Tloc           #.........   88%         3    ####...
 Mephitic Cloud           Conj/Pois/Air  #.......     88%         3    ####...
 Spider Form              Tmut/Pois      #.........   88%         3    ####...
 Stone Arrow              Conj/Erth      #.....       88%         3    ####...
 Tukima's Dance           Hex            #.......     88%         3    ####...
 Ice Form                 Ice/Tmut       #.......     99%         4    #####..
 Petrify                  Tmut/Erth      #.......     99%         4    #####..
 Sticky Flame             Conj/Fire      #.......     99%         4    #####..
 Alistair's Intoxication  Tmut/Pois      #.......     100%        5    ######.
 Blade Hands              Tmut           #.........   100%        5    ######.
 Fireball                 Conj/Fire      #.........   100%        5    ######.
 Lee's Rapid Deconstruct  Erth           #.........   100%        5    ######.
 Invisibility             Hex            #.......     100%        6    #######
 Blink                    Tloc           Unusable     N/A         2    N/A

Dungeon Overview and Level Annotations

Branches:
Dungeon (10/15)            Temple (1/1) D:7            Lair (5/6) D:10
  Swamp (0/4) Lair:2        Snake (0/4) Lair:3
  Slime: Lair:5-6       Orc: D:9-12

Altars:
Ashenzari
Cheibriados
Dithmenos
Elyvilon
Hepliaklqana
Kikubaaqudgha
Makhleb
Nemelex Xobeh
Trog
Uskayaw
Wu Jian
Xom
Yredelemnul
Zin

Shops:
D:7 *   D:9 [

Inventory:

Hand Weapons
 m - a +9 hand axe (weapon)
   (You found it on level 1 of the Dungeon)
 A - a +3 war axe
   (You took it off a wight on level 8 of the Dungeon)
 B - a +3 scythe of flaming
   (You took it off Sigmund on level 6 of the Dungeon)
Missiles
 a - 14 curare-tipped darts {!f}
 d - 2 throwing nets {=f, !d!f=f}
 e - 177 bolts
Armour
 c - a +1 shield (worn)
 p - a +2 pair of boots (worn)
   (You found it on level 2 of the Dungeon)
 F - the cursed +0 scale mail of Feasting (worn) {Regen+}
   (You found it on level 9 of the Dungeon)

   It increases your rate of regeneration.
   It has a curse placed upon it.
 H - a +1 plate armour
   (You took it off an orc warrior on level 9 of the Dungeon)
Magical Staves
 t - an uncursed staff of wizardry {unknown}
   (You found it on level 3 of the Lair of Beasts)
Jewellery
 g - a +3 ring of evasion
   (You found it on level 3 of the Lair of Beasts)
 i - a cursed +6 ring of slaying {unknown}
   (You found it on level 5 of the Lair of Beasts)
 l - a +3 ring of dexterity (left hand)
   (You found it on level 1 of the Dungeon)
 n - an amulet of faith (around neck) {Faith, !P!P}
   (You found it on level 1 of the Dungeon)
 q - an uncursed ring of magical power {MP+9}
   (You found it on level 3 of the Lair of Beasts)
 r - a +4 ring of intelligence (right hand)
   (You found it on level 2 of the Dungeon)
Wands
 o - a wand of paralysis (9)
   (You found it on level 2 of the Dungeon)
 u - a wand of iceblast (32)
   (You found it on level 8 of the Dungeon)
 w - a wand of random effects (22)
   (You found it on level 4 of the Lair of Beasts)
 K - a wand of digging (2)
   (You found it on level 1 of the Lair of Beasts)
Scrolls
 y - 4 scrolls of remove curse {@r2@r2@r2}
 C - a scroll of magic mapping {!r}
 E - a scroll of fog
Potions
 h - 2 potions of agility
 j - 4 potions of flight
 k - 4 potions of curing {@q1@q1@q1}
 s - a potion of haste {unknown}
 v - 4 potions of lignification {!q!q}
 z - 3 potions of mutation {!q!q!q}
Comestibles
 f - 19 rations

Action                   |  1- 3 |  4- 6 |  7- 9 | 10-12 | 13-15 || total
-------------------------+-------+-------+-------+-------+-------++-------
Melee: War axe           |   129 |    91 |       |       |       ||   220
       Hand axe          |       |    56 |   305 |   823 |    30 ||  1214
 Abil: Dig               |     4 |     1 |     1 |     5 |     2 ||    13
Evoke: Wand              |       |       |       |     4 |       ||     4
  Use: Potion            |       |     6 |     2 |     6 |     2 ||    16
       Scroll            |       |     6 |     5 |    19 |       ||    30
 Stab: Petrified         |       |       |       |       |     2 ||     2
  Eat: Chunk             |     3 |     6 |     6 |     9 |     1 ||    25
       Ration            |       |       |     1 |     4 |       ||     5
Armor: Scale mail        |    55 |    57 |    80 |   183 |     9 ||   384
Dodge: Dodged            |    37 |    52 |    93 |   288 |     6 ||   476
Block: Shield            |    54 |    78 |   116 |   490 |    14 ||   752
.. .......... . .......... Y .......... #. ..[....... #.##......... #....^.#..# #††....#.# ###Y.....# # #@Y#§...## ##.##Y†...## ......#...## .......#...# .....)....## ..#....<..# .##.#..##....... .. #####. #...... ......


Message History

You slash the yak!
You kill the yak!
Makhleb accepts your kill.
You hit the yak. You block the yak's attack.
You hit the yak. You hit the catoblepas.
The catoblepas breathes a plume of calcifying dust at you.
The blast of calcifying dust hits you!
You take 11 damage, and have 90/101 hp.
You extend your mandibles.
You dig through the rock wall.
You are feeling hungry.
You retract your mandibles.
You hit the catoblepas. The catoblepas gores you.
You take 5 damage, and have 87/101 hp.
You hit the catoblepas.
The catoblepas breathes a plume of calcifying dust at you.
The blast of calcifying dust hits you but does no damage.
You barely miss the catoblepas. You slash the bullfrog!
You are engulfed in calcifying dust.
The bullfrog hits you but does no damage.
You hit the catoblepas. You slash the bullfrog!
You are engulfed in calcifying dust.
You are slowing down.
The bullfrog closely misses you. The catoblepas gores you!
You take 10 damage, and have 78/101 hp.
You slash the catoblepas! You hit the bullfrog.
You are engulfed in calcifying dust.
Your limbs have turned to stone.
The bullfrog hits you but does no damage.
The catoblepas gores you but does no damage.
The bullfrog hits you but does no damage.
You have turned to stone.
You are engulfed in calcifying dust.
The bullfrog stops moving altogether!
The catoblepas breathes a plume of calcifying dust at you.
The blast of calcifying dust hits you.
The catoblepas gores you but does no damage.
The catoblepas gores you!! The catoblepas gores you! The catoblepas gores you!!
The catoblepas gores you but does no damage.
The catoblepas gores you!!
* * * LOW HITPOINT WARNING * * *
You turn to flesh and can move again.
You take 39 damage, and have 39/101 hp.
MASSIVE DAMAGE!!
Unknown command.
You hit the catoblepas.
The helpless bullfrog fails to defend itself.
You slash the bullfrog! You block the catoblepas's attack.
You barely miss the catoblepas.
The helpless bullfrog fails to defend itself.
You slash the bullfrog!
You kill the bullfrog!
Makhleb accepts your kill.
You feel better. The catoblepas gores you!!
* * * LOW HITPOINT WARNING * * *
You take 10 damage, and have 29/101 hp.
Okay, then.
You extend your mandibles.
You dig through the rock wall.
You retract your mandibles.
You slash the catoblepas!
Your scale mail of Feasting prevents you from hitting the catoblepas.
The catoblepas gores you!!
* * * LOW HITPOINT WARNING * * *
Unknown command.
You take 27 damage, and have 3/101 hp.
MASSIVE DAMAGE!!
You feel better. The catoblepas gores you.
* * * LOW HITPOINT WARNING * * *
You block the yak's attack.
You regained 2 hp, and now have 5/101 hp.
Unknown command.
You are confused.
You feel invigorated. The catoblepas gores you!
You die...

Vanquished Creatures
  Urug (Lair:2)
  Sonja (Lair:2)
  Joseph (D:7)
  9 elephants (Lair:3)
  The ghost of reptisaurus the Magician, a novice DDCj of Makhleb (D:5)
  A centaur skeleton (D:8)
  A gargoyle (D:10)
  4 komodo dragons
  A rime drake (Lair:3)
  A polar bear (Lair:4)
  13 blink frogs
  4 hippogriffs
  Sigmund (D:6)
  14 yaks
  2 wyverns
  A basilisk (Lair:2)
  A hungry ghost (D:10)
  5 water moccasins
  4 porcupines
  4 orc warriors
  4 ice beasts (D:5)
  A sky beast (D:5)
  An ogre (D:8)
  3 phantoms
  2 necrophages
  7 crocodiles
  6 centaurs
  A big kobold (D:8)
  10 bullfrogs
  A wyvern zombie (D:8)
  2 scorpions
  11 killer bees (D:8)
  4 wights (D:8)
  2 howler monkeys (D:7)
  3 electric eels (Lair:4)
  4 crimson imps
  A centaur zombie (D:9)
  2 bullfrog zombies
  7 orc priests
  3 hounds
  A jelly (D:8)
  18 orc wizards
  A bullfrog skeleton (D:9)
  Natasha (thrice) (D:3)
  Terence (D:3)
  An iguana (D:10)
  6 worker ants
  2 hound skeletons (D:6)
  A howler monkey zombie (D:6)
  A howler monkey skeleton (D:7)
  11 adders
  A shadow imp (D:6)
  An adder zombie (D:5)
  3 adder skeletons (D:5)
  4 worms
  3 dart slugs
  5 leopard geckos
  65 orcs
  A giant cockroach (D:1)
  9 goblins
  6 hobgoblins
  9 jackals
  5 quokkas
  5 bats
  5 frilled lizards
  18 kobolds
  A quokka skeleton (D:5)
  9 rats
341 creatures vanquished.

Vanquished Creatures (others)
  5 plants (D:10)
5 creatures vanquished.

Grand Total: 346 creatures vanquished You could see a catoblepas and 2 yaks.

Table legend:
 A = Turns spent in this place as a percentage of turns spent in the entire game.
 B = Non-inter-level travel turns spent in this place as a percentage of non-inter-level travel turns spent in the entire game.
 C = Inter-level travel turns spent in this place as a percentage of turns spent in this place.
 D = Turns resting spent in this place as a percentage of non-inter-level travel turns spent in this place.
 E = Turns spent auto-exploring this place as a percentage of non-inter-level travel turns spent in this place.
 F = Non-inter-level travel turns spent in this place divided by the number of levels of this place that you've seen.
                   A       B       C       D       E      F
               +-------+-------+-------+-------+-------+----------------------
         Total | 100.0 | 100.0 |   2.2 |   0.3 |  77.4 | 822.0
       Dungeon |  72.6 |  73.0 |   1.8 |   0.5 |  77.3 | 959.5
        Temple |   0.4 |   0.2 |  40.4 |   0.0 |  83.9 |  31.0
          Lair |  27.0 |  26.8 |   2.8 |   0.0 |  77.4 | 705.2
               +-------+-------+-------+-------+-------+----------------------

Table legend:
 A = Kills in this place as a percentage of kills in entire the game.
 B = Kills by you in this place as a percentage of kills by you in the entire game.
 C = Kills by friends in this place as a percentage of kills by friends in the entire game.
 D = Other kills in this place as a percentage of other kills in the entire game.
 E = Experience gained in this place as a percentage of experience gained in the entire game.
 F = Experience gained in this place divided by the number of levels of this place that you have seen.
                   A       B       C       D       E      F
               +-------+-------+-------+-------+-------+----------------------
         Total | 100.0 | 100.0 |   N/A |   N/A | 100.0 | 1731.0
       Dungeon |  80.9 |  80.9 |   N/A |   N/A |  39.7 | 1099.6
          Lair |  19.1 |  19.1 |   N/A |   N/A |  60.3 | 3340.0
               +-------+-------+-------+-------+-------+----------------------

Notes
Turn   | Place    | Note
-------+----------+-------------------------------------------
     0 | D:1      | MetaCrawl the Formicid Fighter began the quest for the Orb.
     0 | D:1      | Reached XP level 1. HP: 18/18 MP: 1/1
   183 | D:1      | Reached XP level 2. HP: 23/24 MP: 2/2
   559 | D:1      | Reached XP level 3. HP: 29/29 MP: 3/3
  1267 | D:2      | Found a hazy altar of Hepliaklqana.
  1656 | D:2      | Reached skill level 1 in Dodging
  1670 | D:2      | Reached skill level 4 in Shields
  1670 | D:2      | Reached XP level 4. HP: 34/37 MP: 4/4
  2188 | D:3      | Reached skill level 3 in Axes
  2189 | D:3      | Reached XP level 5. HP: 32/42 MP: 5/5
  2518 | D:3      | Noticed Terence
  2525 | D:3      | Killed Terence
  2611 | D:3      | Found a shadowy altar of Dithmenos.
  2613 | D:3      | Noticed Natasha
  2623 | D:3      | Killed Natasha
  2623 | D:3      | Reached skill level 4 in Fighting
  2624 | D:3      | Noticed Natasha
  2632 | D:3      | Killed Natasha
  2632 | D:3      | Reached skill level 4 in Armour
  2638 | D:3      | Reached XP level 6. HP: 34/48 MP: 6/6
  2643 | D:3      | Noticed Natasha
  2654 | D:3      | HP: 9/48 [Natasha (8)]
  2656 | D:3      | Killed Natasha
  3071 | D:3      | Reached skill level 2 in Dodging
  3351 | D:4      | Reached skill level 4 in Axes
  3385 | D:4      | Found a shattered altar of Ashenzari.
  3616 | D:4      | Found a basalt altar of Yredelemnul.
  3627 | D:4      | Reached XP level 7. HP: 52/55 MP: 7/7
  3740 | D:4      | Found a white marble altar of Elyvilon.
  4063 | D:5      | Entered Level 5 of the Dungeon
  4176 | D:5      | Reached skill level 5 in Shields
  4259 | D:5      | Reached skill level 5 in Axes
  4259 | D:5      | Reached XP level 8. HP: 20/61 MP: 8/8
  4502 | D:5      | Reached skill level 5 in Fighting
  4502 | D:5      | Reached skill level 5 in Armour
  4502 | D:5      | Reached skill level 3 in Dodging
  4542 | D:5      | Found a runed translucent gate.
  4699 | D:5      | Found a runed translucent gate.
  4699 | D:5      | Found a runed translucent gate.
  4709 | D:5      | Noticed reptisaurus's ghost (novice DDCj)
  4979 | D:5      | Killed reptisaurus's ghost
  4979 | D:5      | Reached skill level 6 in Axes
  4979 | D:5      | Reached skill level 6 in Shields
  4979 | D:5      | Reached XP level 9. HP: 45/68 MP: 9/9
  5285 | D:6      | Reached skill level 4 in Dodging
  5519 | D:6      | Reached skill level 6 in Armour
  5566 | D:6      | Reached skill level 6 in Fighting
  5633 | D:6      | Reached skill level 7 in Axes
  6024 | D:6      | Noticed Sigmund
  6035 | D:6      | Killed Sigmund
  6328 | D:7      | Noticed Joseph
  6337 | D:7      | Reached skill level 7 in Shields
  6343 | D:7      | Killed Joseph
  6347 | D:7      | Reached XP level 10. HP: 39/77 MP: 10/10
  6604 | D:7      | Found a staircase to the Ecumenical Temple.
  6618 | D:7      | Got a steaming long sword
  6622 | Temple   | Entered the Ecumenical Temple
  6651 | Temple   | Became a worshipper of Makhleb the Destroyer
  6706 | D:7      | Reached skill level 8 in Axes
  7204 | D:7      | Found a hide-covered altar of Uskayaw.
  7282 | D:7      | Found Miwiofil's General Store.
  7443 | D:7      | Identified the cursed +1 long sword of Ughao {slice, *Rage
                  | rPois rF+ Str+3} (You found it on level 7 of the Dungeon)
  7584 | D:8      | Reached skill level 5 in Dodging
  7586 | D:8      | Reached * piety under Makhleb
  7605 | D:8      | Reached skill level 7 in Fighting
  7609 | D:8      | Reached skill level 7 in Armour
  7783 | D:8      | Reached ** piety under Makhleb
  7875 | D:8      | Reached skill level 8 in Shields
  8001 | D:8      | Reached skill level 9 in Axes
  8503 | D:9      | Found the +6 lightning scales {run, rElec}
  8641 | D:9      | Found Xayni's Armour Shoppe.
  8678 | D:9      | Reached *** piety under Makhleb
  8744 | D:9      | Got a steaming scale mail
  8768 | D:9      | Reached XP level 11. HP: 85/85 MP: 11/11
  8837 | D:9      | Identified the cursed +0 scale mail of Feasting {Regen+}
                  | (You found it on level 9 of the Dungeon)
  8877 | D:9      | Reached skill level 1 in Invocations
  9075 | D:9      | Reached skill level 8 in Fighting
  9120 | D:9      | Reached skill level 8 in Armour
  9279 | D:10     | Entered Level 10 of the Dungeon
  9279 | D:10     | Found a basalt altar of Yredelemnul.
  9332 | D:10     | Reached skill level 2 in Invocations
  9385 | D:10     | Reached skill level 6 in Dodging
  9419 | D:10     | Reached skill level 9 in Shields
  9614 | D:10     | Reached **** piety under Makhleb
  9614 | D:10     | Reached skill level 10 in Axes
  9708 | D:10     | Found a staircase to the Lair.
  9819 | Lair:1   | Entered Level 1 of the Lair of Beasts
  9991 | Lair:1   | Reached skill level 3 in Invocations
 10887 | Lair:2   | Noticed Urug
 10906 | Lair:2   | Killed Urug
 10906 | Lair:2   | Reached skill level 4 in Invocations
 10906 | Lair:2   | Reached XP level 12. HP: 53/94 MP: 13/15
 10911 | Lair:2   | Reached skill level 1 in Evocations
 11031 | Lair:2   | Found a staircase to the Swamp.
 11132 | Lair:2   | Noticed Sonja
 11143 | Lair:2   | Found a glowing silver altar of Zin.
 11153 | Lair:2   | HP: 21/94 [poisoned by Sonja]
 11154 | Lair:2   | HP: 9/94 [asphyx]
 11155 | Lair:2   | HP: 4/94 [poisoned by Sonja (curare-tipped dart)]
 11395 | Lair:2   | Killed Sonja
 11551 | Lair:3   | HP: 23/94 [elephant (5)]
 11557 | Lair:3   | HP: 11/94 [elephant (12)]
 11570 | Lair:3   | HP: 23/94 [elephant (7)]
 11571 | Lair:3   | HP: 9/94 [elephant (15)]
 11578 | Lair:3   | Reached skill level 2 in Evocations
 11579 | Lair:3   | Reached skill level 9 in Armour
 11589 | Lair:3   | Reached skill level 11 in Axes
 11596 | Lair:3   | Reached skill level 9 in Fighting
 11706 | Lair:3   | Found a staircase to the Snake Pit.
 11748 | Lair:3   | Reached skill level 5 in Invocations
 11775 | Lair:3   | Reached skill level 7 in Dodging
 11775 | Lair:3   | Reached skill level 10 in Shields
 12392 | Lair:4   | Reached skill level 3 in Evocations
 12458 | Lair:4   | HP: 17/95 [polar bear (14)]
 12663 | Lair:4   | Reached ***** piety under Makhleb
 12793 | Lair:4   | HP: 23/95 [electric eel/bolt of electricity (9)]
 13008 | Lair:4   | Reached XP level 13. HP: 101/101 MP: 17/17
 13412 | Lair:5   | Noticed a catoblepas
 13444 | Lair:5   | HP: 3/101 [catoblepas (28)]
 13446 | Lair:5   | Slain by a catoblepas

Levels and vault maps discovered:
D:1:      minmay_arrival_shattered_statue, layout_basic
D:2:      layout_basic, lemuel_crystal_altar
D:3:      layout_basic, overflow_temple_1_default, uniq_terence, uniq_natasha
D:4:      layout_loops_ring, old_standard_altar, elyvilon_altar_3,
          yredelemnul_altar_generic
D:5:      minmay_skewed_foursquare, layout_rooms, ebering_ghost_rock_garden,
          first_ration, st_stairs_8
D:6:      layout_loops_ring, uniq_sigmund
D:7:      layout_basic, marbit_many_paths, minmay_temple_entry_offerings,
          serial_shops, kennysheep_little_box, uniq_joseph
D:8:      layout_loops_ring
D:9:      layout_long_grid, serial_shops, shop
D:10:     layout_roguey, david_lair_shrubbed, basic_altar
Temple:   regret_index_temple_sphere_string
Lair:1:   layout_regular_city
Lair:2:   layout_loops_ring, swamp_mist, basic_altar, infiniplex_staircase_pool,
          uniq_sonja, uniq_urug
Lair:3:   layout_long_grid, guppyfry_snake_entry_garden,
          chequers_serial_rivers_room_b
Lair:4:   statuecave_lemuel, layout_misc_corridors, serial_rivers,
          chequers_serial_rivers_marsh, chequers_serial_rivers_marsh,
          chequers_serial_rivers_micro_b, chequers_serial_rivers_small_a,
          chequers_serial_rivers_marsh, chequers_serial_rivers_micro_e,
          serial_bayou_shore_a
Lair:5:   layout_hall_layers, minmay_slime_entry_pillars, basic_altar
